 Dungeon Crawl Stone Soup version 0.32-a0-928-g1cae6b7ea0 (webtiles) character file.

Game seed: 7672342722573336507

2916 Fodor the Trooper (level 9, -1/81 HPs)
             Began as a Minotaur Fighter on Apr 12, 2024.
             Was an Initiate of Gozag.
             Slain by a two-headed ogre
             ... wielding a +0 giant club
              (17 damage)
             ... on level 8 of the Dungeon.
             The game lasted 00:22:24 (6711 turns).

Fodor the Trooper (Minotaur Fighter)                Turns: 6711, Time: 00:22:25

Health: -1/81      AC: 14    Str: 32    XL:     9   Next: 50%
Magic:  8/8        EV:  7    Int:  7    God:    Gozag
Gold:   448        SH:  4    Dex: 10    Spells: 8/8 levels left

rFire   + . .        w - +5 hammer of War {flame, Str+3 SInv Stlth+}
rCold   x . .        c - +0 buckler
rNeg    . . .        v - +0 plate armour
rPois   .            (helmet restricted)
rElec   .            u - +0 cloak
rCorr   .            (no gloves)
SInv    +            (no boots)
Will    .....        (no amulet) Stlth
                     z - +6 ring of strength
HPRegen 0.33/turn    l - ring of fire
MPRegen 0.11/turn

%: no passive effects
@: no status effects
A: horns 2, retaliatory headbutt
a: Renounce Religion, Potion Petition, Call Merchant, Bribe Branch


You were on level 8 of the Dungeon.
You worshipped Gozag.
Gozag was aware of your devotion.
You visited 2 branches of the dungeon, and saw 9 of its levels.

You collected 576 gold pieces.
You paid 128 gold pieces to Gozag.

Inventory:

Hand Weapons
 a - a +0 war axe
 n - a +0 lajatang
 p - a +3 shortbow
 w - the +5 hammer of War (weapon) {flame, Str+3 SInv Stlth+}
   (You found it on level 4 of the Dungeon)

   Str+3:     It affects your strength (+3).
   SInv:      It lets you see invisible.
   Stlth+:    It makes you more stealthy.
 H - a +4 vampiric trident
Missiles
 t - 2 silver javelins
 y - 20 poisoned darts
Armour
 c - a +0 buckler (worn)
 u - a +0 cloak (worn)
 v - a +0 plate armour (worn)
Jewellery
 g - a ring of wizardry
 l - a ring of fire (right hand)
 z - a +6 ring of strength (left hand)
 D - a ring of protection from cold
 I - a ring of flight
Talismans
 i - a maw talisman
Wands
 x - a wand of quicksilver (14)
 F - a wand of flame (22)
 G - a wand of mindburst (7)
Scrolls
 e - 6 scrolls of teleportation {unknown}
 f - 4 scrolls of enchant weapon {unknown}
 h - 2 scrolls of vulnerability {unknown}
 j - 10 scrolls of identify {unknown}
 k - a scroll of acquirement {unknown}
 r - a scroll of enchant armour {unknown}
 s - a scroll of blinking {unknown}
 C - 2 scrolls of revelation {unknown}
 E - a scroll of fear {unknown}
Potions
 b - 5 potions of curing {unknown}
 d - a potion of might
 m - 2 potions of resistance {unknown}
 o - 2 potions of degeneration {unknown}
 q - a potion of enlightenment {unknown}
 B - a potion of cancellation {unknown}


   Skills:
 + Level 7.8 Fighting
 + Level 7.5(9.1) Axes
 + Level 7.8(9.2) Maces & Flails
 + Level 3.5 Throwing
 + Level 7.5 Armour
 + Level 2.0 Dodging
 + Level 0.3 Stealth
 + Level 5.3 Shields


You had 8 spell levels left.
You didn't know any spells.
Your spell library contained the following spells:

 Spells                   Type           Power      Damage    Failure   Level
 Apportation              Tloc           0%         N/A       98%         1
 Necrotise                Necr           0%         1d4       98%         1
 Sting                    Conj/Alch      0%         1d3       98%         1
 Summon Small Mammal      Summ           0%         N/A       98%         1
 Call Imp                 Summ           0%         N/A       99%         2
 Sublimation of Blood     Necr           0%         N/A       99%         2
 Call Canine Familiar     Summ           0%         N/A       100%        3
 Teleport Other           Tloc           0%         N/A       100%        3
 Summon Blazeheart Golem  Fire/Summ      0%         N/A       100%        4
 Alistair's Intoxication  Alch           0%         N/A       100%        5
 Borgnjor's Vile Clutch   Necr/Erth      0%         N/A       100%        5
 Dispersal                Tloc           0%         N/A       100%        6
 Eringya's Noxious Bog    Alch           0%         4d6       100%        6
 Gell's Gavotte           Tloc           0%         2d(11-16) 100%        6
 Summon Hydra             Summ           0%         N/A       100%        7


Dungeon Overview and Level Annotations

Branches:
Dungeon (8/15)             Temple (1/1) D:7
   Lair: D:8-11

Altars:
Ashenzari
Cheibriados
Dithmenos
Elyvilon
Fedhas
Gozag
Hepliaklqana
Kikubaaqudgha
Makhleb
Nemelex Xobeh
Okawaru
Qazlal
Ru
Sif Muna
Trog
Uskayaw
Vehumet
Wu Jian
Xom
Zin
The Shining One


Innate Abilities, Weirdness & Mutations

You have a pair of horns on your head.
You reflexively headbutt those who attack you in melee.


Message History

You kill the orc!
You now have 448 gold pieces (gained 14).
Items here: ))) [[[.
Items here: ))) [[[.
Okay, then.
You can't wield that with only one hand.
As you open the door, it creaks loudly!
There is an open door here.
You open the door.
There is an open door here.
Found a stone staircase leading down.
s - a scroll labelled ROFAISI BEHOK You open the door.
A two-headed ogre comes into view.
It is wielding a +0 giant club and a +0 giant spiked club.
The two-headed ogre shouts in stereo!
There is an open door here.
The two-headed ogre hits you with a +0 giant club!!
The two-headed ogre barely misses you.
You hit the two-headed ogre. You burn the two-headed ogre.
The two-headed ogre is lightly wounded.
The two-headed ogre barely misses you.
The two-headed ogre hits you with a +0 giant spiked club!
You sock the two-headed ogre! You burn the two-headed ogre.
Your headbutt misses the two-headed ogre.
The two-headed ogre is moderately wounded.
You completely miss the two-headed ogre.
You headbutt the two-headed ogre, but do no damage.
The two-headed ogre is moderately wounded.
The two-headed ogre hits you with a +0 giant club!
The two-headed ogre hits you with a +0 giant spiked club!!
* * * LOW HITPOINT WARNING * * *
You hit the two-headed ogre but do no damage.
You headbutt the two-headed ogre.
The two-headed ogre is moderately wounded.
You sock the two-headed ogre! You burn the two-headed ogre.
You headbutt the two-headed ogre!
The two-headed ogre is almost dead.
The two-headed ogre hits you with a +0 giant club!
You die...
Your body crumbles into a pile of gold.

####### #.....#
#.....# #.....#
#.....+
#.....####
###'#......
#.@...# #O#.###
#.# #.#.#
#######.#
#.#.####....##.#
#.#....'....##.#
#.######....##.#
#. #....##.# #.
#....##.#
#...###.###.#


You could see a two-headed ogre.

Vanquished Creatures
  Jeremiah (D:6)
  A hornet (D:7)
  Sigmund (D:2)
  2 water moccasins
  2 ice beasts (D:6)
  A black bear (D:7)
  3 centaurs
  A phantom (D:4)
  A kobold brigand (D:5)
  A bullfrog (D:7)
  A gnoll sergeant (D:6)
  6 scorpions
  A howler monkey (D:6)
  Crazy Yiuf (D:4)
  A hound (D:5)
  2 orc priests (D:4)
  2 bombardier beetles
  3 jellies
  A sleepcap (D:5)
  2 gnoll boudas
  4 iguanas
  4 orc wizards
  10 gnolls
  7 adders
  5 white imps
  4 ufetubi (D:6)
  4 ribbon worms
  18 orcs
  6 endoplasms
  4 giant cockroaches
  7 goblins
  7 hobgoblins
  2 quokkas (D:2)
  10 ball pythons
  2 bats (D:2)
  4 frilled lizards
  8 kobolds
  9 rats
149 creatures vanquished.

Vanquished Creatures (others)
  A sky beast (D:7)
1 creature vanquished.

Grand Total: 150 creatures vanquished

Notes
Turn   | Place    | Note
-------+----------+-------------------------------------------
     0 | D:1      | Fodor the Minotaur Fighter began the quest for the Orb.
     0 | D:1      | Reached XP level 1. HP: 19/19 MP: 0/0
   135 | D:1      | Reached XP level 2. HP: 19/27 MP: 1/1
   846 | D:2      | Reached XP level 3. HP: 28/33 MP: 2/2
   968 | D:2      | Found a faded altar of an unknown god.
  1000 | D:2      | Noticed Sigmund
  1003 | D:2      | Found a shimmering altar of Xom.
  1006 | D:2      | Killed Sigmund
  1007 | D:2      | Reached skill level 5 in Axes
  1007 | D:2      | Reached XP level 4. HP: 33/41 MP: 3/3
  1007 | D:2      | Reached XP level 5. HP: 38/47 MP: 4/4
  1165 | D:2      | Identified the +1 ring mail "Ixaness" {rElec Will+ Int+2
                  | Dex+3}
  1360 | D:2      | Reached skill level 1 in Dodging
  2246 | D:4      | Reached XP level 6. HP: 24/53 MP: 5/5
  2487 | D:4      | Found a runed translucent door.
  2488 | D:4      | Noticed Crazy Yiuf
  2495 | D:4      | Killed Crazy Yiuf
  2502 | D:4      | Identified the +5 hammer of War {flame, Str+3 SInv Stlth+}
  2580 | D:4      | Reached skill level 5 in Armour
  2684 | D:4      | Reached skill level 5 in Fighting
  2803 | D:4      | Reached XP level 7. HP: 61/61 MP: 6/6
  3050 | D:5      | Entered Level 5 of the Dungeon
  3105 | D:5      | Reached skill level 1 in Maces & Flails
  3203 | D:5      | Found a shadowy altar of Dithmenos.
  3561 | D:5      | Reached XP level 8. HP: 52/71 MP: 7/7
  3812 | D:5      | Found a sacrificial altar of Ru.
  3817 | D:5      | Found a glowing golden altar of the Shining One.
  4007 | D:6      | Reached skill level 5 in Maces & Flails
  4132 | D:6      | Reached skill level 5 in Shields
  4598 | D:6      | Noticed Jeremiah
  4859 | D:7      | Reached XP level 9. HP: 78/79 MP: 8/8
  5375 | D:7      | Found an ornate altar of the Wu Jian Council.
  5376 | D:7      | Found a sparkling altar of Nemelex Xobeh.
  5419 | D:7      | Found a staircase to the Ecumenical Temple.
  5458 | Temple   | Entered the Ecumenical Temple
  5486 | Temple   | Became a worshipper of Gozag Ym Sagoz the Greedy
  5583 | D:7      | Reached skill level 1 in Throwing
  5712 | D:6      | Killed Jeremiah
  5939 | D:7      | Found a white marble altar of Elyvilon.
  6705 | D:8      | Noticed a two-headed ogre
  6711 | D:8      | Slain by a two-headed ogre

Illustrated notes

Levels and vault maps discovered:
D:1:      onia_arrival_handbag, layout_basic, serial_forest,
          infiniplex_forest_clump_double, infiniplex_forest_clump_double,
          infiniplex_forest_end_1, infiniplex_forest_clump_small,
          infiniplex_forest_end_1, infiniplex_forest_zigzag_1,
          infiniplex_forest_end_1, palyth_stone_intersect
D:2:      layout_rooms, basic_altar, basic_ecumenical_altar,
          kennysheep_big_empty_room, minmay_divided_ellipse, uniq_sigmund
D:3:      layout_loops_ring, due_unseen_surprise
D:4:      layout_rooms, st_stairs_3, uniq_crazy_yiuf_cottage
D:5:      layout_cave_pools, nicolae_dithmenos_shadow_blocks,
          old_standard_altar, overflow_temple_1_default, minmay_quadrilaterals
D:6:      layout_rooms, uniq_jeremiah
D:7:      layout_loops_cross, lemuel_tele_altar, nicolae_overflow_squiral,
          temple_pool_b
D:8:      layout_basic, mainiacjoe_overflow_concentric_impassable, uniq_erica
Temple:   regret_index_temple_waves

Skill      XL: |  1  2  3  4  5  6  7  8  9 |
---------------+----------------------------+-----
Shields        | 4 5 |  5.3
Fighting       | 4 5 6 7 |  7.8
Axes           | 3 5 6 7 |  7.5
Armour         | 4 5 6 7 |  7.5
Dodging        | 1 2 |  2.0
Maces & Flails | 2 7 |  7.8
Throwing       | 3 |  3.5
Stealth        | |  0.3

Action                     |  1- 3 |  4- 6 |  7- 9 || total
---------------------------+-------+-------+-------++-------
  Melee: War axe           |    70 |    72 |       ||   142
         Headbutt          |     6 |    13 |    41 ||    60
         Mace              |       |    18 |   230 ||   248
  Throw: Javelin           |     4 |     2 |     4 ||    10
         Boomerang         |       |       |    46 ||    46
 Armour: Scale mail        |    45 |    65 |       ||   110
         Plate armour      |       |     5 |   216 ||   221
  Dodge: Dodged            |    28 |    34 |    90 ||   152
  Block: Buckler           |    10 |    28 |    51 ||    89

Table legend: (Time is in decaauts)
 A = Elapsed time spent in this place.
 B = Non-inter-level travel time spent in this place.
 C = Inter-level travel time spent in this place.
 D = Time resting spent in this place.
 E = Time spent auto-exploring this place.
 F = Levels seen in this place.
 G = Mean time per level.
                   A        B        C        D        E       F      G
               +--------+--------+--------+--------+--------+-----+--------+
         Total |   6791 |   6723 |     68 |    493 |   4322 |   9 |  754.6 |
       Dungeon |   6740 |   6672 |     68 |    493 |   4322 |   8 |  842.5 |
        Temple |     50 |     50 |      0 |      0 |      0 |   1 |   50.0 |
               +--------+--------+--------+--------+--------+-----+--------+

Top non-repeatable levels by time:
     D:7: 1395 daAuts
     D:6: 1104 daAuts
     D:5: 946 daAuts
     D:1: 841 daAuts
     D:4: 823 daAuts
     D:2: 766 daAuts
     D:3: 670 daAuts
     D:8: 192 daAuts
  Temple: 50 daAuts
